 Dungeon Sprint DCSS version 0.23-a0-183-gf37f6fb (webtiles) character file.

1225 Felrender the Fighter (level 8, -8/82 HPs)
             Began as a Minotaur Fighter on Sept 22, 2018.
             Was a Follower of Wu Jian.
             Shot with an arrow by a centaur warrior (14 damage)
             ... in the Dungeon (Sprint I: "Red Sonja").
             The game lasted 00:02:40 (583 turns).

Felrender the Fighter (Minotaur Fighter)             Turns: 583, Time: 00:02:42

Health: -8/82      AC: 12    Str: 23    XL:     8   Next: 23%
Magic:  7/7        EV:  7    Int:  5    God:    Wu Jian [*.....]
Gold:   255        SH: 12    Dex: 10    Spells: 7/7 levels left

rFire    + . .     SeeInvis .   a - +1 war axe
rCold    . . .     Gourm    .   c - +0 shield
rNeg     . . .     Faith    .   n - +0 chain mail {rF+}
rPois    .         Spirit   .   (helmet restricted)
rElec    .         Reflect  .   (no cloak)
rCorr    .         Harm     .   (no gloves)
MR       .....     NoTele   +   (no boots)
Stlth    ..........             (no amulet)
HPRegen  0.23/turn              (no ring)
MPRegen  0.10/turn              (no ring)

@: no status effects
A: retaliatory headbutt, horns 2
a: Renounce Religion


You were in the Dungeon.
You worshipped Wu Jian.
Wu Jian was aware of your devotion.
You were not hungry.

You visited 1 branch You collected 405 gold pieces.
You spent 150 gold pieces at shops.

Inventory:

Hand Weapons
 a - a +1 war axe (weapon)
Armour
 b - a +0 scale mail
 c - a +0 shield (worn)
 n - a +0 chain mail of fire resistance (worn)
Wands
 l - a wand of digging (9)
Scrolls
 k - a scroll of blinking
Potions
 d - a potion of might
 e - a potion of curing
 h - a potion of haste
 i - 2 potions of magic
Comestibles
 f - a ration


   Skills:
 * Level 11.4 Fighting
 * Level 11.3 Axes
 * Level 11.2 Armour
 * Level 11.2 Shields


You had 7 spell levels left.
You didn't know any spells.
Your spell library was empty.

Dungeon Overview and Level Annotations

Branches:
Dungeon (1/1)

Altars:
Cheibriados
Dithmenos
Elyvilon
Fedhas
Gozag
Hepliaklqana
Kikubaaqudgha
Makhleb
Nemelex Xobeh
Okawaru
Qazlal
Ru
Sif Muna
Trog
Uskayaw
Vehumet
Wu Jian
Xom
Yredelemnul
Zin
The Shining One
Jiyva
Lugonu

Shops:
D [


Innate Abilities, Weirdness & Mutations

You reflexively headbutt those who attack you in melee.
You have a pair of horns on your head.


Message History

The centaur warrior shoots an arrow.
The arrow barely misses you. You block the centaur warrior's attack.
You slash the centaur warrior! You headbutt the centaur warrior.
The centaur warrior is moderately wounded.
The centaur warrior shoots an arrow.
The arrow closely misses you. The centaur warrior closely misses you.
You completely miss the centaur warrior.
The centaur warrior is moderately wounded.
The centaur warrior shoots an arrow.
The arrow hits you!
The centaur warrior hits you but does no damage.
The centaur warrior hits you!
* * * LOW HITPOINT WARNING * * *
You hit the centaur warrior but do no damage.
Your headbutt misses the centaur warrior.
The centaur warrior is moderately wounded.
The centaur warrior shoots an arrow.
The arrow hits you!
* * * LOW HITPOINT WARNING * * *
The centaur warrior hits you but does no damage.
The centaur warrior shoots an arrow.
The arrow hits you!
You die...

#######################
#..').#.)'..#__#..)...#
'[.#..'..#..'..'..#...#
#####'#####'#__####...+
####..#...#.####§§#####
#__####..##)#§§§§c#
#_____##'#_.'≈§§§§+
#_.∩...'..._#≈§§@c#
#_..__##_.#+##+####
#_____###+# #######


You could see 2 centaur warriors.

Vanquished Creatures
  2 kobold demonologists (D)
  A slime creature (D)
  Sigmund (D)
  A yak (D)
  A floating eye (D)
  An ogre (D)
  A jelly (D)
  Ijyb (D)
9 creatures vanquished.

Vanquished Creatures (others)
  2 hornets (D)
2 creatures vanquished.

Grand Total: 11 creatures vanquished

Notes
Turn   | Place    | Note
-------+----------+-------------------------------------------
     0 | D        | Felrender the Minotaur Fighter began the quest for the Orb.
     0 | D        | Reached XP level 1. HP: 19/19 MP: 0/0
     1 | D        | Noticed Ijyb
     6 | D        | Killed Ijyb
     6 | D        | Reached skill level 5 in Fighting
     6 | D        | Reached skill level 5 in Armour
     6 | D        | Reached skill level 5 in Shields
     6 | D        | Reached XP level 2. HP: 29/29 MP: 1/1
    12 | D        | Noticed an ogre
    16 | D        | Killed an ogre
    16 | D        | Reached XP level 3. HP: 38/38 MP: 2/2
    16 | D        | Reached XP level 4. HP: 45/45 MP: 3/3
    21 | D        | Noticed Sigmund
    30 | D        | Killed Sigmund
    30 | D        | Reached XP level 5. HP: 49/56 MP: 4/4
    56 | D        | Found an ornate altar of the Wu Jian Council.
    56 | D        | Found a deep blue altar of Sif Muna.
    58 | D        | Found a radiant altar of Vehumet.
    60 | D        | Reached XP level 6. HP: 61/63 MP: 5/5
    66 | D        | Became a worshipper of the Wu Jian Council
    83 | D        | Found Deumot's Antique Armour Emporium.
    83 | D        | Found an ancient bone altar of Kikubaaqudgha.
    83 | D        | Found a hazy altar of Hepliaklqana.
    83 | D        | Found a hide-covered altar of Uskayaw.
    83 | D        | Found a basalt altar of Yredelemnul.
    83 | D        | Found an opulent altar of Gozag.
    83 | D        | Found a snail-covered altar of Cheibriados.
    83 | D        | Found a sacrificial altar of Ru.
    83 | D        | Found a shadowy altar of Dithmenos.
    83 | D        | Noticed a yak
    87 | D        | Killed a yak
    88 | D        | Found a stormy altar of Qazlal.
    88 | D        | Found a blossoming altar of Fedhas.
    88 | D        | Found a bloodstained altar of Trog.
    88 | D        | Found an iron altar of Okawaru.
    88 | D        | Found a glowing golden altar of the Shining One.
    88 | D        | Found a glowing silver altar of Zin.
    88 | D        | Found a white marble altar of Elyvilon.
    91 | D        | Found a sparkling altar of Nemelex Xobeh.
    95 | D        | Bought a shiny chain mail for 150 gold pieces
   116 | D        | Found a viscous altar of Jiyva.
   116 | D        | Found a corrupted altar of Lugonu.
   116 | D        | Noticed a slime creature
   117 | D        | Found a burning altar of Makhleb.
   117 | D        | Found a shimmering altar of Xom.
   123 | D        | Killed a slime creature
   123 | D        | Reached skill level 10 in Fighting
   123 | D        | Reached skill level 10 in Armour
   123 | D        | Reached skill level 10 in Shields
   123 | D        | Reached XP level 7. HP: 57/73 MP: 6/6
   135 | D        | Noticed a kobold demonologist
   136 | D        | Noticed a kobold demonologist
   137 | D        | Noticed a ynoxinul
   139 | D        | Paralysed by a floating eye for 4 turns
   144 | D        | Killed a kobold demonologist
   144 | D        | Reached * piety under Wu Jian
   144 | D        | Reached skill level 10 in Axes
   145 | D        | Noticed a hellwing
   145 | D        | Paralysed by a floating eye for 2 turns
   146 | D        | Noticed an ice devil
   155 | D        | Noticed an orange demon
   165 | D        | Noticed a hellwing
   168 | D        | Killed a kobold demonologist
   168 | D        | Reached XP level 8. HP: 56/82 MP: 7/7
   363 | D        | Killed a hornet
   394 | D        | Killed a hornet
   566 | D        | Noticed a centaur warrior
   566 | D        | Noticed a centaur warrior
   583 | D        | Shot with an arrow by a centaur warrior

Vault maps used:
D:        dungeon_sprint_1

Skill      XL: |  1  2  3  4  5  6  7 |
---------------+----------------------+-----
Fighting       | 5 6 8 9 10 11 | 11.4
Axes           | 3 4 6 8 11 | 11.3
Armour         | 5 6 8 10 11 | 11.2
Shields        | 5 6 8 10 11 | 11.2

Action                   |  1- 3 |  4- 6 |  7- 9 || total
-------------------------+-------+-------+-------++-------
Melee: War axe           |     7 |    17 |    30 ||    54
       Headbutt          |     2 |     4 |     8 ||    14
Invok: Lunge             |       |       |     1 ||     1
  Use: Scroll            |       |     1 |       ||     1
       Potion            |       |       |     2 ||     2
Armor: Scale mail        |     4 |     2 |       ||     6
       Chain mail        |       |     1 |    22 ||    23
Dodge: Dodged            |     1 |     3 |    12 ||    16
Block: Shield            |     3 |     8 |    26 ||    37

Table legend:
 A = Non-vault XP
 B = Vault XP
 C = Vault XP percentage of total XP
 D = Non-vault monster count
 E = Vault monster count
 F = Vault count percentage of total count
                 A         B        C        D         E       F
            +---------+---------+-------+---------+---------+-------
      Total |       0 |    1751 | 100.0 |       0 |       9 | 100.0
            +---------+---------+-------+---------+---------+-------
          D |       0 |    1751 | 100.0 |       0 |       9 | 100.0
            +---------+---------+-------+---------+---------+-------
